 Dungeon Crawl Stone Soup version 0.21.0 (webtiles) character file.

57 Miyamura the Insei (level 4, -1/32 HPs)
             Began as a Human Transmuter on Jan 6, 2018.
             Killed by nerve-wracking pain
             ... invoked by an orc priest
              (7 damage)
             ... on level 4 of the Dungeon.
             The game lasted 00:06:51 (1952 turns).

Miyamura the Insei (Human Transmuter)               Turns: 1952, Time: 00:06:51

Health: -1/32      AC:  4    Str: 12    XL:     4   Next: 18%
Magic:  7/7        EV: 13    Int: 13    God:
Gold:   44         SH:  0    Dex: 18    Spells: 6/7 levels left

rFire    + . .     SeeInvis .     - Unarmed
rCold    + . .     Gourm    .   (no shield)
rNeg     . . .     Faith    .   b - +0 robe
rPois    +         Spirit   .   m - +0 helmet
rElec    +         Reflect  .   (no cloak)
rCorr    +         Harm     .   (no gloves)
MR       .....                  g - +0 pair of boots
Stlth    ++........             (no amulet)
HPRegen  0.10/turn              k - +5 ring of dexterity
MPRegen  0.10/turn              (no ring)

@: lethally poisoned (-1 -> -2), resistant, very slightly contaminated
A: no striking features
a: no special abilities


You were on level 4 of the Dungeon.
You were hungry.

You visited 1 branch of the dungeon, and saw 3 of its levels.

You collected 44 gold pieces.

Inventory:

Missiles
 a - 32 arrows
Armour
 b - a +0 robe (worn)
 g - a +0 pair of boots (worn)
 m - a +0 helmet (worn)
Jewellery
 k - a +5 ring of dexterity (left hand)
Scrolls
 e - a scroll of remove curse
Books
 c - a book of Changes

   Spells                             Type                      Level
   a - Beastly Appendage              Transmutation                1
   b - Sticks to Snakes               Transmutation                2
   c - Spider Form                    Transmutation/Poison         3
   d - Ice Form                       Ice/Transmutation            4
   e - Blade Hands                    Transmutation                5
Comestibles
 d - 3 rations
 h - 4 chunks of flesh


   Skills:
 + Level 1.5 Fighting
 * Level 2.6 Dodging
 + Level 0.8 Stealth
 * Level 3.6 Unarmed Combat
 + Level 2.2 Spellcasting
 + Level 2.2 Transmutations


You had 6 spell levels left.
You knew the following spells:

 Your Spells              Type           Power        Failure   Level  Hunger
a - Beastly Appendage     Tmut           #.....       10%         1    ##.....


Dungeon Overview and Level Annotations

Branches:
Dungeon (2/15)

Altars:

Annotations:
D:4 raph's ghost, novice HuIE


Message History

You feel sick.
Found 25 bolts.
Unknown command.
You aren't carrying any potions.
Okay, then.
The orc shouts!
The orc priest barely misses you.
Unknown command.
The orc priest shouts!
Raph's ghost says, "An ice sculpture of you would look very nice here."
You feel sick.
You flicker back into view.
The orc shouts!
The frilled lizard hisses angrily.
An orc comes into view. It is wielding a club.
Raph's ghost casts a spell at you. The puff of frost hits you! You resist.
* * * LOW HITPOINT WARNING * * *
The orc priest mumbles some strange prayers to Beogh against you.
Pain shoots through your body!
You die...

.. #.# .#....o# ..#
#....#.. #..##
##.......#.. ....#
...(.......#....# #
#..........#.....###
.#
#..).##....#........
.####......go...@..#
.......##...##...#.#
...##....##.l...# #
#.##..##...o..##
#..###.o.W.g.##
#..........###
#..######### ###..#
....(#


You could see 2 orc priests, raph's ghost, 2 gnolls, 2 orcs and a frilled
lizard.

Vanquished Creatures
  A gnoll (D:4)
  An adder (D:4)
  An ooze (D:1)
  A dart slug (D:1)
  A leopard gecko (D:1)
  An orc (D:4)
  2 giant cockroaches
  A goblin (D:1)
  6 hobgoblins (D:1)
  6 kobolds (D:1)
  5 bats (D:1)
  3 rats (D:1)
29 creatures vanquished.

Notes
Turn   | Place    | Note
-------+----------+-------------------------------------------
     0 | D:1      | Miyamura the Human Transmuter began the quest for the Orb.
     0 | D:1      | Reached XP level 1. HP: 15/15 MP: 3/3
   482 | D:1      | Reached XP level 2. HP: 21/21 MP: 3/5
   778 | D:1      | Reached XP level 3. HP: 13/26 MP: 3/6
  1773 | D:2      | You fall through a shaft for 2 floors!
  1804 | D:4      | Reached XP level 4. HP: 26/32 MP: 7/7
  1911 | D:4      | Noticed raph's ghost (novice HuIE)
  1952 | D:4      | Killed from afar by an orc priest

Action                   |  1- 3 |  4- 6 || total
-------------------------+-------+-------++-------
Melee: Unarmed           |   119 |    13 ||   132
       Headbutt          |     5 |       ||     5
       Punch             |     3 |       ||     3
       Kick              |     1 |       ||     1
 Cast: Beastly Appendage |    12 |       ||    12
  Use: Potion            |     1 |     5 ||     6
       Scroll            |     2 |       ||     2
 Stab: Sleeping          |     2 |       ||     2
       Invisible         |       |     1 ||     1
  Eat: Chunk             |     3 |       ||     3
Armor: Robe              |    32 |     1 ||    33
Dodge: Dodged            |    78 |    10 ||    88
